Cogmind - Beta 11 *** ADVENTURER MODE // 2022.04.02 @ 14:04:19 Player: whjms Result: Destroyed by G-47 Trooper with Particle Gun Performance ------------- Evolutions (2) 1000 Regions Visited (4) 800 Robots Destroyed (37) 185 Value Destroyed (1115) 1115 Prototype IDs (1) 20 Alien Tech Used (0) 0 Bonus (63) 63 TOTAL SCORE: 3183 Bonus ------- High Alert Combat Kills 63 Cogmind --------- Core Integrity 0/550 Matter 243/300 Energy 100/100 System Corruption 0% Temperature Cool (9) Movement Core (50) Location -8/Materials Parts ------- > --- POWER (2) -------- (None) > --- PROPULSION (4) --- (None) > --- UTILITY (3) ------ Improved Signal Interpreter Improved Terrain Scan Processor > --- WEAPON (2) ------- (None) > --- INVENTORY (5) ---- (None) Peak State ------------ > --- POWER ------------ Light Nuclear Core Light Nuclear Core > --- PROPULSION ------- Wheel Wheel Flight Unit > --- UTILITY ---------- Small Storage Unit Medium Matter Pod > --- WEAPON ----------- Medium Laser Rocket Launcher > --- INVENTORY -------- Light Ion Engine Compact Battery Improved Signal Interpreter EM Pulse Gun Assault Rifle Light Assault Rifle [Rating: 15] Favorites ----------- Power Light Nuclear Core Engine Light Ion Engine Power Core Light Nuclear Core Propulsion Wheel Leg Improved Aluminum Leg Wheel Wheel Flight Unit Flight Unit Utility Medium Matter Pod Storage Medium Matter Pod Processor Improved Signal Interpreter Weapon Medium Laser Energy Gun Medium Laser Ballistic Gun Assault Rifle Launcher Rocket Launcher Build | -11 -10 -10 -9 -8 ------- Run | Scr Mat Min Mat Mat Slots Evolved 4 | . . . 2 2 Power 1 | . . . 1 . Propulsion 2 | . . . 1 1 Utility 1 | . . . . 1 Weapon . | . . . . . Parts Attached 30 | 6 2 2 11 9 Power 5 | 1 . . 3 1 Engine 3 | 1 . . 1 1 Core 2 | . . . 2 . Reactor . | . . . . . Propulsion 9 | 2 . . 6 1 Treads . | . . . . . Leg 2 | . . . 2 . Wheel 2 | 2 . . . . Hover . | . . . . . Flight 5 | . . . 4 1 Utility 5 | 1 2 . 1 1 Device . | . . . . . Storage 3 | 1 2 . . . Processor 2 | . . . 1 1 Hackware . | . . . . . Protection . | . . . . . Artifact . | . . . . . Weapon 11 | 2 . 2 1 6 Energy Gun 4 | 1 . 1 . 2 Energy Cannon . | . . . . . Ballistic Gun 3 | 1 . . 1 1 Ballistic Cannon . | . . . . . Launcher 4 | . . 1 . 3 Special Weapon . | . . . . . Impact Weapon . | . . . . . Slashing Weapon . | . . . . . Piercing Weapon . | . . . . . Special Melee Weapon . | . . . . . Unidentified Prototypes 1 | . . . . 1 Parts Lost 15 | . . . 1 14 Power 3 | . . . 1 2 Propulsion 4 | . . . . 4 Utility 1 | . . . . 1 Weapon 7 | . . . . 7 Highest Loss Streak 7 | . . . 1 7 To Critical Strikes 1 | . . . . 1 Average Slot Usage (%) 82 | . 90 100 85 41 Engine 5 | . 14 14 . . Core 7 | . . . 15 3 Leg 2 | . . . 6 . Wheel 14 | . 28 28 8 . Flight 6 | . . . 10 13 Storage 15 | . 19 28 12 4 Processor 6 | . . . 10 13 Energy Gun 10 | . 14 12 11 4 Ballistic Gun 8 | . 14 9 8 1 Launcher 2 | . . 5 2 1 Naked Turns . | . . . . . Heaviest Build 23 | 12 14 16 23 11 Greatest Support 23 | 20 20 20 23 12 Greatest Overweight (x) 3 | . . . 3 1 Average Overweight (x) . | . . . . . Largest Inventory Capacity 8 | 8 8 8 8 5 Average Capacity 6 | 6 8 8 5 5 Most Carried 8 | 5 2 6 8 4 Average Carried 3 | 1 1 5 3 1 Final Capacity 8 | 8 8 8 5 5 Final Carried 6 | 1 1 6 4 . Class Distribution -------------------- 83% | Mutant 16% | Scavenger-Mutant Dominant Class ---------------- Mutant | -10/Materials Mutant | -10/Mines Mutant | -9/Materials Mutant | -8/Materials Resources | -11 -10 -10 -9 -8 ----------- Run | Scr Mat Min Mat Mat Matter Collected 805 | 211 32 182 295 85 Remotely . | . . . . . Salvage Created 1023 | . 32 66 460 465 Parts 71 | . 3 3 34 31 Haulers Intercepted 1 | . . . . 1 Recyclers Shooed . | . . . . . Parts Field Recycled . | . . . . . Retrieved Matter . | . . . . . Parts Self-Destructed . | . . . . . Prevented . | . . . . . Kills | -11 -10 -10 -9 -8 ------- Run | Scr Mat Min Mat Mat Combat Hostiles Destroyed 29 | . 1 2 12 14 Guns 16 | . 1 . 11 4 AOE 13 | . . 2 1 10 Classes Destroyed 10 | . 2 1 3 4 Worker 1 | . . . . 1 Builder 1 | . . . 1 . Hauler 1 | . . . . 1 Operator 1 | . . . . 1 Watcher 4 | . 1 . 3 . Swarmer 8 | . 1 . 3 4 Grunt 15 | . . 2 5 8 Duelist 1 | . . . 1 . Sentry 4 | . . . 3 1 Hunter 1 | . . . . 1 Best Kill Streak 7 | . 2 2 4 7 Combat Bots Only 5 | . 1 2 3 5 Max Kills in Single Turn 4 | . 1 1 1 4 Gunslinging . | . . . . . Exploded 2 | . . 1 1 2 Melee . | . . . . . Uniques/NPCs Destroyed . | . . . . . Combat | -11 -10 -10 -9 -8 -------- Run | Scr Mat Min Mat Mat Damage Taken 1492 | . . 82 285 1125 Core 620 | . . 17 40 563 Absorbed by Shields . | . . . . . Core Remaining (%) 94 | 100 . 93 90 . Volleys Fired 86 | . 4 3 39 40 Largest 2 | . 2 1 2 2 Hottest 90 | . 70 33 83 90 Shots Fired 131 | . 6 3 75 47 Gun 114 | . 6 . 68 40 Cannon . | . . . . . Launcher 17 | . . 3 7 7 Special . | . . . . . Kinetic 50 | . 4 . 31 15 Thermal 61 | . 2 . 37 22 Explosive 17 | . . 3 7 7 Electromagnetic 3 | . . . . 3 Robot Hit Streak 19 | . 2 1 18 19 Robot Miss Streak 4 | . 3 2 2 4 Penetration Max . | . . . . . Secondary Targets 1 | . . . . 1 Max Gunslinging Chain 1 | . . . . 1 Shots Hit Robots 92 | . 3 1 55 33 Core Hits 68 | . 2 4 28 34 Critical Kills 1 | . . . 1 . Critical Parts Destroyed 1 | . . . . 1 Critical Strikes 6 | . . . 5 1 Burn 4 | . . . 4 . Destroy 2 | . . . 1 1 Melee Attacks . | . . . . . Impact . | . . . . . Slashing . | . . . . . Piercing . | . . . . . Sneak Attacks . | . . . . . Combat Hostiles . | . . . . . Follow-up Attacks . | . . . . . Damage Inflicted 2197 | . 37 86 818 1256 Guns 1045 | . 37 . 621 387 Cannons . | . . . . . Explosions 1152 | . . 86 197 869 Melee . | . . . . . Ramming . | . . . . . Kinetic 432 | . 37 . 270 125 Thermal 764 | . . . 351 413 Explosive 962 | . . 86 197 679 Electromagnetic 39 | . . . . 39 Impact . | . . . . . Slashing . | . . . . . Piercing . | . . . . . Highest Corruption . | . . . . . Average Corruption . | . . . . . Corruption Purged . | . . . . . Corruption Blocked . | . . . . . Overload Shots . | . . . . . Overflow Damage . | . . . . . Projectiles . | . . . . . Explosions . | . . . . . Melee . | . . . . . Knockbacks . | . . . . . Impact . | . . . . . Kinetic . | . . . . . Secondary . | . . . . . Self-Inflicted Damage 57 | . . 20 . 37 Shots 4 | . . 1 . 3 Rammed . | . . . . . Targets Rammed . | . . . . . Kicked . | . . . . . Crushed . | . . . . . Highest Temperature 267 | . 18 5 267 177 Average Temperature 75 | . 10 3 85 55 Received Heat Transfer 762 | . . 36 114 612 Effects 1 | . . . 1 . Energy Bleed 1 | . . . 1 . Siege Activations . | . . . . . Robots Corrupted . | . . . . . Combat Hostiles . | . . . . . Parts Fried . | . . . . . Impact Corruptions . | . . . . . Robots Melted . | . . . . . Combat Hostiles . | . . . . . Parts Melted . | . . . . . Heat Transferred 2124 | . . . 1332 792 Parts Sabotaged . | . . . . . Parts Stolen . | . . . . . Parts Stripped . | . . . . . Power Chain Reactions 1 | . . . . 1 Missiles Intercepted . | . . . . . Alert | -11 -10 -10 -9 -8 ------- Run | Scr Mat Min Mat Mat Peak Influence 534 | . 57 143 534 463 Initial 147 | . . 18 46 147 Average 217 | . 26 75 337 318 Maximum Alert Level 2 | . . . 2 2 Low Security (%) 48 | 100 100 100 13 9 Level 1 28 | . . . 46 55 Level 2 22 | . . . 40 35 Level 3 . | . . . . . Level 4 . | . . . . . Level 5 . | . . . . . High Security . | . . . . . Max Security . | . . . . . Squads Dispatched 9 | . 1 . 4 4 Investigation 4 | . 1 . 2 1 Extermination . | . . . . . Reinforcement 5 | . . . 2 3 Assault . | . . . . . Garrison . | . . . . . Intercept . | . . . . . Searches Triggered . | . . . . . Construction Impeded . | . . . . . Haulers Reinforced . | . . . . . Active Scanning Responses . | . . . . . Cargo Convoy Interrupts . | . . . . . Stealth | -11 -10 -10 -9 -8 --------- Run | Scr Mat Min Mat Mat Distress Signals 2 | . . . 1 1 Communications Jammed . | . . . . . Distress Signals . | . . . . . Times Spotted 50 | . 3 5 16 26 Peak Tracking Total 12 | . 2 3 4 12 Tactical Retreats . | . . . . . Traps | -11 -10 -10 -9 -8 ------- Run | Scr Mat Min Mat Mat Traps Triggered 3 | . . . 2 1 Indirectly . | . . . . . Trap Hack Attempts . | . . . . . Triggered . | . . . . . Disarmed . | . . . . . Reprogrammed . | . . . . . Reused . | . . . . . Traps Extracted . | . . . . . Installed . | . . . . . Triggered . | . . . . . Machines | -11 -10 -10 -9 -8 ---------- Run | Scr Mat Min Mat Mat Machines Disabled 3 | . . . 2 1 Max in Single Turn 1 | . . . 1 1 Machines Sabotaged . | . . . . . Garrisons Compromised . | . . . . . Overloaded Fab Kills . | . . . . . Hacking | -11 -10 -10 -9 -8 --------- Run | Scr Mat Min Mat Mat Machines Accessed 2 | . . . 2 . Terminals 1 | . . . 1 . Fabricators . | . . . . . Repair Stations . | . . . . . Recycling Units . | . . . . . Scanalyzers 1 | . . . 1 . Garrison Access . | . . . . . Total Hacks 6 | . . . 6 . Successful 5 | . . . 5 . Failed 1 | . . . 1 . Catastrophic . | . . . . . Database Lockouts . | . . . . . Manual . | . . . . . Terminals 3 | . . . 3 . Fabricators . | . . . . . Repair Stations . | . . . . . Recycling Units . | . . . . . Scanalyzers 3 | . . . 3 . Garrison Access . | . . . . . Terminal Hacks 2 | . . . 2 . Record 2 | . . . 2 . Fabricator Hacks . | . . . . . Repair Station Hacks . | . . . . . Recycling Unit Hacks . | . . . . . Scanalyzer 3 | . . . 3 . Insert Component 1 | . . . 1 . Analyze 2 | . . . 2 . Garrison Access Hacks . | . . . . . Unauthorized Hacks . | . . . . . Terminals . | . . . . . Fabricators . | . . . . . Repair Stations . | . . . . . Recycling Units . | . . . . . Scanalyzers . | . . . . . Garrison Access . | . . . . . Data Cores Recovered . | . . . . . Used . | . . . . . Hacking Detections 1 | . . . 1 . Full Trace Events . | . . . . . Feedback Events . | . . . . . Feedback Blocked . | . . . . . Robot Schematics Acquired . | . . . . . Robots Built . | . . . . . Authchips . | . . . . . Time . | . . . . . Total Robot Build Rating . | . . . . . Part Schematics Acquired 1 | . . . 1 . Parts Built . | . . . . . Authchips . | . . . . . Time . | . . . . . Total Part Build Rating . | . . . . . Parts Repaired . | . . . . . Time . | . . . . . Parts Recycled . | . . . . . Recycled Matter . | . . . . . Retrieved Matter . | . . . . . Retrieved Components . | . . . . . Parts Scanalyzed 1 | . . . 1 . Part Schematics Acquired 1 | . . . 1 . Parts Damaged . | . . . . . Bothacking | -11 -10 -10 -9 -8 ------------ Run | Scr Mat Min Mat Mat Used RIF Installer . | . . . . . Robots Hacked . | . . . . . Non-combat . | . . . . . Combat . | . . . . . Robot Hacks Applied . | . . . . . Relay Couplers Released . | . . . . . Fabnet Peak Effective % . | . . . . . Robots Rewired . | . . . . . Allies Hacked . | . . . . . Hacks Repelled . | . . . . . Allies | -11 -10 -10 -9 -8 -------- Run | Scr Mat Min Mat Mat Total Allies . | . . . . . Largest Group . | . . . . . Highest-Rated Group . | . . . . . Highest-Rated Ally . | . . . . . Total Orders . | . . . . . Ally Attacks . | . . . . . Total Damage . | . . . . . Kills . | . . . . . Allies Corrupted . | . . . . . Allies Melted . | . . . . . Intel | -11 -10 -10 -9 -8 ------- Run | Scr Mat Min Mat Mat Robot Analysis Total . | . . . . . Derelict Logs Recovered 1 | . . 1 . . Drone Launches . | . . . . . Drone Recoveries . | . . . . . Exploration | -11 -10 -10 -9 -8 ------------- Run | Scr Mat Min Mat Mat Turns Passed 1271 | 55 137 335 547 197 Spaces Moved 1223 | 43 153 392 523 112 Core 9 | 3 . . 3 3 Treads . | . . . . . Legs 70 | . . . 70 . Wheels 730 | 40 153 392 145 . Hover . | . . . . . Flight 414 | . . . 305 109 Fastest Speed 34 | 50 80 80 34 34 Average Speed 70 | 77 80 80 62 60 Slowest Speed 200 | 80 80 80 200 117 Overloaded Moves . | . . . . . Propulsion Burnouts . | . . . . . Robots Hopped 4 | . . . 3 1 Cave-ins Triggered . | . . . . . Exploration Rate (%) 27 | 3 26 60 34 15 Regions Visited 4 Branch Regions 1 Pre-discovered Areas . | . . . . . Known Exits Taken 2 | . . 1 1 . Unknown Exits Taken 2 | 1 1 . . . Scrap Searched . | . . . . . Spaces Dug . | . . . . . Terrain Destroyed 131 | . . 28 59 44 Melee . | . . . . . Projectile . | . . . . . AOE 131 | . . 28 59 44 Terrain Rammed . | . . . . . Walls Destroyed . | . . . . . Machines Disabled . | . . . . . Actions | -11 -10 -10 -9 -8 --------- Run | Scr Mat Min Mat Mat Total 1497 | 64 161 409 670 193 Wait 127 | 9 . 8 82 28 Move 1211 | 42 152 391 516 110 Hop 4 | . . . 3 1 Pick Up 27 | 7 2 5 9 4 Fast Attach . | . . . . . Attach 26 | 6 2 . 9 9 Detach 2 | . . . 1 1 Swap 4 | . . 2 2 . Drop 10 | . 1 . 9 . Fire 86 | . 4 3 39 40 Melee . | . . . . . Ram . | . . . . . Kick . | . . . . . Crush . | . . . . . Escape Stasis . | . . . . . Rewire . | . . . . . Trap . | . . . . . Miscellaneous . | . . . . . Route ------- -11/Scrapyard -10/Materials -10/Mines (discovered 2 exits: *Mat x2) -9/Materials (discovered 2 exits: *Mat / *Min) -8/Materials History --------- Turn | Location | Event 24 | -11/Scrapyard | Discovered new exit (range 16) 56 | -11/Scrapyard | Entered Materials 138 | -10/Materials | Met 8R-AWN 172 | -10/Materials | Discovered new exit (range 15) 193 | -10/Materials | Entered Mines 194 | -10/Mines | Followed 8R-AWN into the Mines 218 | -10/Mines | Discovered new exit (range 7) 305 | -10/Mines | Build established: Mutant 319 | -10/Mines | Identified exit to Materials 325 | -10/Mines | Received a Rocket Launcher from a helpful Derelict 528 | -10/Mines | Entered Materials 528 | -9/Materials | Evolved 2 slots: Power x1, Propulsion x1 547 | -9/Materials | Discovered new exit (range 16) 578 | -9/Materials | Identified exit to Mines 744 | -9/Materials | Discovered new exit (range 11) 1075 | -9/Materials | Identified exit to Materials 1075 | -9/Materials | Entered another Materials area 1075 | -8/Materials | Evolved 2 slots: Propulsion x1, Utility x1 1210 | -8/Materials | Lost 7 parts (2p1n1u3w) 1243 | -8/Materials | Core integrity fell below 50% 1263 | -8/Materials | Core integrity fell below 20% 1272 | -8/Materials | Destroyed by G-47 Trooper with Particle Gun Last Messages --------------- G-47 Trooper destroyed. K-01 Serf collects debris. Imp. VTOL Module destroyed. The unstable cave ceiling collapses. Particle Gun destroyed. Acquired 12 matter. Acquired 28 matter. Acquired Assault Rifle. The unstable cave ceiling collapses. K-01 Serf collects debris. The unstable cave ceiling collapses. K-01 Serf collects debris. R-06 Scavenger collects Particle Gun. G-47 Trooper suffers critical hit (Destroy). Destroyed Aluminum Leg. K-01 Serf collects debris. R-06 Scavenger collects Imp. Heat Sink. K-01 Serf collects debris. Assault Rifle destroyed. K-01 Serf collects debris. Map ----- +----------------------------------------------------+ | | | | | | | | | | | | | | | | | | | ???????????????????????????????????????????? | | ???????????????????????????????????????????? | | ???????????????????????????????????????????? | | ???????????????????????????????????????????? | | ???????????????????????????????????????????? | | ??#########????????????????????????????????? | | ?? #????????????????????????????????? | | ??""""" #?????????????########???????????? | | ??""""" #????###+###### """ /#???????????? | | ??""""" ! #????+ + """ #???????????? | | ?#""""" #????# k ## """ #???????????? | | ?#""""" #????# ## #?????+?????? | | ?#""""" #????# # = #???? #?????? | | ?#""""" #????# # #??? ##????? | | ?# ###??# ! #### #????? | | ####+### #### ^^^ ^! " #????? | | o ! @= ! "T #????? | | % ^ ^ ^ ## #????? | | % #??####????? | | ##### % g #??????????? | | ????# g r%[m #?????????? | | ????# g k k %%g%[##?????????? | | ????# a #T = #?????????? | | ??? #############+#######% ###?????????? | | ? #??????# ########????? | | #??????# ! r #????? | | #########??????# *%[= ; #????? | | ???????????????# =% %#! "" #????? | | ???????????????# *% % Y" #????? | | ???????????????############# + ! "" #????? | | ??????????????????????????? = #????? | | ?????????????????????????? # !% ###+###????? | | ?????????????????????????" % * ? ??????? | | ?????????????????????????"? * ?????? | | ???????????????????????? ????? | | ??????????????????????? ? # # """ ???? | | ??????????????????????? ?? ## ##"""""?????? | | ?????????????????????? ? ?? #?"""???????? | | ?????????????????????????##?? #???????????? | | ????????????????????????????? #???????????? | | ????????????????????????????? #???????????? | +----------------------------------------------------+ Best States ------------- Heat Dissipation 31 Energy Generation 23 Energy Capacity 220 Matter Stores 400 Matter Capacity 400 Sight Range 16 Terrain Scan Density 110 Resistance: KI 20 Resistance: TH 20 Resistance: EX 20 Resistance: EM 20 Resistance: I 20 Resistance: S 20 Resistance: P 20 Evasion (%) 63 Offensive Hacking 10 Item Schematics ----------------- Lgt. Ion Engine | -9/Materials | Scanalyzed Robot Schematics ------------------ None Fabricated ------------ Nothing Alien Tech Used ----------------- None Achievements -------------- Loot Pinata Challenges ------------ None Game ------ Seed SlugMolecularClaymores Manual? 0 Play Time 00:28:11 Cumulative 4.3 hours Start 2022.04.02 @ 13:07:00 End 2022.04.02 @ 14:04:19 Sessions 3 Manual Loads 0 Difficulty Adventurer Special Mode None Game No. 7 Rogue 6 Adventurer 1 Explorer 0 Win Type - Total 0 Types 0/0/0/0/0/0/0/0/0 Lore% 4 Gallery% 8 Achievement% 11 Wizard Run 0 Options --------- ASCII 0 Keyboard 0 Movement Vi Keybinds 0 Fullscreen 1 Font 36/Smallcaps Map View 76x50 Tactical HUD 0 Map Filters NONE Filters NONE Steam 1 RUN: fa2cd7e0-0718-492e-9fdf-aefed43068bc